 Dungeon Crawl Stone Soup version 0.14.2 (webtiles) character file.

231 KristoblXynda the Vexing (level 4, 0/21 HPs)
             Began as a Spriggan Enchanter on Dec 12, 2020.
             Slain by a worm (9 damage)
             ... on Level 3 of the Dungeon.
             The game lasted 00:06:15 (3116 turns).

KristoblXynda the Vexing (Spriggan Enchanter)       Turns: 3116, Time: 00:06:15

HP   0/21        AC  3     Str  5      XL: 4   Next: 91%
MP   0/14        EV 18     Int 16      God:
Gold 100         SH  0     Dex 16      Spells:  3 memorised,  4 levels left

rFire  . . .     SeeInvis +     a - +1 dagger
rCold  . . .     Clarity  .     b - +1 robe
rNeg   . . .     Conserve .     (shield restricted)
rPois  .         rCorr    .     (helmet restricted)
rElec  .         rRot     .     (no cloak)
SustAb . .       Spirit   .     (gloves unavailable)
rMut   .         Warding  .     (boots unavailable)
Saprov . . .     Stasis   .     (no amulet)
MR     .....                    (no ring)
                                (no ring)

@: very quick, not resistant to hostile enchantments, quite stealthy
A: unfitting armour, see invisible, herbivore 3, speed 3, slow metabolism 2
a: no special abilities


You were on level 3 of the Dungeon.
You were not hungry.

You visited 1 branch of the dungeon, and saw 3 of its levels.

You collected 100 gold pieces.

Inventory:

Hand weapons
 a - a +1,+1 dagger (weapon)
Missiles
 h - 9 silver darts (quivered)
Armour
 b - a +1 robe (worn)
Comestibles
 f - 2 bread rations
 i - 2 apples
 m - a snozzcumber
Scrolls
 d - 4 scrolls of remove curse
 g - a scroll of amnesia {unknown}
 k - a scroll of enchant weapon II {unknown}
 q - a scroll of teleportation {unknown}
 s - a scroll of recharging {unknown}
Jewellery
 n - an uncursed amulet of resist mutation
Potions
 e - a potion of porridge
 j - 2 potions of curing
 o - a potion of lignification
 p - a potion of mutation
 r - 2 potions of heal wounds
Books
 c - a book of Maledictions

   Spells                             Type                      Level
   *Corona                            Hexes                        1
   Sure Blade                         Hexes/Charms                 2
   *Ensorcelled Hibernation           Hexes/Ice                    2
   *Confuse                           Hexes                        3
   Enslavement                        Hexes                        4
   Invisibility                       Hexes                        6


   Skills:
 + Level 2.9 Short Blades
 - Level 1.1 Throwing
 - Level 3.0 Dodging
 + Level 4.6 Stealth
 + Level 3.6 Spellcasting
 + Level 4.7 Hexes


You had 4 spell levels left.
You knew the following spells:

 Your Spells              Type           Power        Failure   Level  Hunger
a - Corona                Hex            ###....      2%          1    None
b - Ensorcelled Hibernat  Hex/Ice        ##....       12%         2    ##.....
c - Confuse               Hex            ###.....     10%         3    ###....


Dungeon Overview and Level Annotations

Branches:
Dungeon (3/15)

Altars:
Trog


Innate Abilities, Weirdness & Mutations

You are tiny and cannot use many weapons and most armour.
You have supernaturally acute eyesight.
You are a herbivore.
You cover ground extremely quickly.
You need consume almost no food.


Message History

Press: ? - help, Shift-Dir - straight line, f/p - worm
Aim: a worm (lightly wounded, moving slowly)
The worm resists.
The worm closely misses you.
You hit the worm.
The worm is lightly wounded.
You hit the worm but do no damage.
The worm is lightly wounded.
The worm misses you.
Casting: Ensorcelled Hibernation
Confirm with . or Enter, or press ? or * to list all spells.
Aiming: Ensorcelled Hibernation
Press: ? - help, Shift-Dir - straight line, f/p - worm
Aim: a worm (lightly wounded, moving slowly)
The worm looks drowsy...
The rat barely misses you.
The helpless worm fails to defend itself.
You slice the worm!!
You kill the worm!
The rat barely misses you. The rat bites you. The worm bites you!
You die...

##%#######.........##.#..#..
#.%...##.##.......##.....#.#
#..##.##..####.#####........
#..##>##....##.##.###.#####.
###........#............#
#..
##.#.######....#......####
#.. #....# ####.#.##...# #..
##.###########.#......# #..
#.# #.......@r......# #..
##.#
#......w##....#.#######..
#..#
#.......##......#........
#.##
#........................
#.#
#.......####...##....<...
#.# #.......# ###.########..
#.# #.......# #.# #.. #.#
######### #.# #%. ###.####
#.# #..


You could see a worm and a rat.

Vanquished Creatures
  5 adders
  3 worms
  2 giant geckos
  An ooze (D:1)
  5 orcs (D:3)
  4 hobgoblins
  7 jackals
  3 quokkas
  A ball python (D:2)
  6 bats
  3 giant cockroaches
  5 giant newts
  10 goblins
  5 kobolds
  9 rats
69 creatures vanquished.

Notes
Turn   | Place    | Note
--------------------------------------------------------------
     0 | D:1      | KristoblXynda, the Spriggan Enchanter, began the quest for the Orb.
     0 | D:1      | Reached XP level 1. HP: 9/9 MP: 4/4
   401 | D:1      | Reached XP level 2. HP: 13/13 MP: 7/7
   557 | D:1      | Learned a level 2 spell: Ensorcelled Hibernation
  1045 | D:2      | Reached skill level 4 in Hexes
  1045 | D:2      | Reached XP level 3. HP: 16/16 MP: 8/10
  1619 | D:2      | Learned a level 3 spell: Confuse
  1876 | D:2      | Reached XP level 4. HP: 21/21 MP: 13/13
  2746 | D:3      | Noticed a moth of wrath
  3052 | D:3      | Found a bloodstained altar of Trog.
  3116 | D:3      | Slain by a worm

Action                   |  1- 3 |  4- 6 || total
-------------------------+-------+-------++-------
Melee: Dagger            |   164 |   120 ||   284
 Cast: Ensorcelled Hiber |     6 |    13 ||    19
       Confuse           |       |     4 ||     4
  Use: Scroll            |     4 |     2 ||     6
 Stab: Sleeping          |    11 |    10 ||    21
       Confused          |       |     2 ||     2
